 Dungeon Crawl Stone Soup version 0.31.0-4-g52a2dc7128 (webtiles) character file.

Game seed: 9356517237888290264

211464 inmateoo the Bludgeoner (level 19, 0/122 HPs)
             Began as a Gargoyle Fighter on Jan 23, 2024.
             Was the Champion of the Shining One.
             Slain by an alligator snapping turtle (9 damage)
             ... while paralysed by a sphinx
             ... on level 4 of the Shoals.
             The game lasted 00:44:14 (37154 turns).

inmateoo the Bludgeoner (Gargoyle Fighter)         Turns: 37154, Time: 00:44:15

Health: 0/122      AC: 48    Str: 29    XL:     19   Next: 29%
Magic:  0/38       EV:  2    Int: 10    God:    the Shining One [******]
Gold:   2991       SH:  0    Dex:  9    Spells: 18/18 levels left

rFire   + + .        l - +8 eveningstar (holy)
rCold   . . .        c - +3 buckler of Fuzzy Liberty {rF+ Stlth+}
rNeg    + + +        a - +10 chain mail of the Sky {rF+}
rPois   ∞            K - +1 hat
rElec   +            D - +1 cloak
rCorr   .            M - +0 pair of gloves {Stlth+}
SInv    .            k - +0 pair of boots
Will    +....        g - amulet of guardian spirit Stlth
                     n - +6 ring of strength
HPRegen 0.40/turn    u - ring "Faod" {rElec MP+9 AC+4 Dex-4 Slay+4}
MPRegen 0.26/turn

%: guardian spirit
@: paralysed, about to teleport, flying, slowed, glowing, studying Axes
A: sickness immunity, AC +14, big wings, negative energy resistance 1,
electricity resistance, torment resistance 1, petrification resistance
a: Renounce Religion, Divine Shield, Cleansing Flame, Summon Divine Warrior


You were on level 4 of the Shoals.
You worshipped the Shining One.
The Shining One was exalted by your worship.
You visited 5 branches of the dungeon, and saw 30 of its levels.
You visited the Abyss 1 time.
You also visited: Bailey.

You collected 5354 gold pieces.
You spent 2363 gold pieces at shops.

Inventory:

Hand Weapons
 l - a +8 eveningstar of holy wrath (weapon)
Missiles
 z - 6 throwing nets
 F - 10 javelins (quivered)
 H - 3 curare-tipped darts
 O - 13 silver javelins
Armour
 a - the +10 chain mail of the Sky (worn) {rF+}
   (You bought it in a shop on level 1 of the Orcish Mines)

   rF+:       It protects you from fire.
 c - the +3 buckler of Fuzzy Liberty (worn) {rF+ Stlth+}
   (You bought it in a shop on level 1 of the Orcish Mines)

   rF+:       It protects you from fire.
   Stlth+:    It makes you more stealthy.
 k - a +0 pair of boots (worn)
 D - a +1 cloak (worn)
 K - a +1 hat (worn)
 M - a +0 pair of gloves of stealth (worn)
Jewellery
 g - an amulet of guardian spirit (around neck)
 n - a +6 ring of strength (left hand)
 u - the ring "Faod" (right hand) {rElec MP+9 AC+4 Dex-4 Slay+4}
   (You found it on level 7 of the Dungeon)

   [ring of protection]

   AC+4:      It affects your AC (+4).
   Dex-4:     It affects your dexterity (-4).
   Slay+4:    It affects your accuracy & damage with ranged weapons and melee
   (+4).
   rElec:     It insulates you from electricity.
   MP+9:      It affects your magic capacity (+9).
 Q - a ring of protection from fire
Wands
 v - a wand of charming (6)
 x - a wand of flame (34)
 y - a wand of roots (12)
 A - a wand of quicksilver (26)
 J - a wand of mindburst (17)
Scrolls
 f - 2 scrolls of poison
 h - 5 scrolls of revelation
 o - 12 scrolls of teleportation
 r - 5 scrolls of enchant armour
 s - 8 scrolls of identify
 B - 2 scrolls of fear
 G - 2 scrolls of fog
 N - a scroll of summoning
Potions
 b - 2 potions of lignification
 d - 7 potions of might
 e - 7 potions of haste
 i - 4 potions of mutation
 j - 3 potions of magic
 m - 7 potions of ambrosia
 p - 9 potions of curing
 q - 7 potions of brilliance
 w - 3 potions of resistance
 C - 2 potions of berserk rage
 E - 3 potions of cancellation
 I - 2 potions of enlightenment
Miscellaneous
 L - a box of beasts


   Skills:
 + Level 14.6 Fighting
 * Level 17.9 Maces & Flails
 + Level 12.7 Throwing
 + Level 14.6 Armour
 + Level 10.7 Dodging
 + Level 14.1 Shields
 + Level 13.4 Invocations


You had 18 spell levels left.
You didn't know any spells.
Your spell library contained the following spells:

 Spells                   Type           Power      Damage    Failure   Level
 Sting                    Conj/Alch      0%         1d3       77%         1
 Call Imp                 Summ           0%         N/A       88%         2
 Ensorcelled Hibernation  Hex/Ice        0%         N/A       88%         2
 Lesser Beckoning         Tloc           0%         N/A       88%         2
 Mercury Vapours          Alch/Air       0%         N/A       88%         2
 Dazzling Flash           Conj/Hex       0%         N/A       98%         3
 Frozen Ramparts          Ice            0%         1d1       98%         3
 Gell's Gravitas          Tloc           0%         N/A       98%         3
 Mephitic Cloud           Conj/Alch/Air  0%         N/A       98%         3
 Summon Ice Beast         Ice/Summ       0%         N/A       98%         3
 Teleport Other           Tloc           0%         N/A       98%         3
 Fulminant Prism          Conj/Alch      0%         3d5       100%        4
 Ignite Poison            Fire/Alch      0%         N/A       100%        4
 Leda's Liquefaction      Alch/Erth      0%         N/A       100%        4
 Olgreb's Toxic Radiance  Alch           0%         N/A       100%        4
 Passage of Golubria      Tloc           0%         N/A       100%        4
 Petrify                  Alch/Erth      0%         N/A       100%        4
 Summon Blazeheart Golem  Fire/Summ      0%         N/A       100%        4
 Curse of Agony           Necr           0%         N/A       100%        5
 Lee's Rapid Deconstruct  Erth           0%         3d4*      100%        5
 Metabolic Englaciation   Hex/Ice        0%         N/A       100%        5
 Silence                  Hex/Air        0%         N/A       100%        5
 Summon Mana Viper        Hex/Summ       0%         N/A       100%        5
 Bombard                  Conj/Erth      0%         9d1       100%        6
 Eringya's Noxious Bog    Alch           0%         4d6       100%        6
 Monstrous Menagerie      Summ           0%         N/A       100%        7
 Orb of Destruction       Conj           0%         9d5       100%        7
 Spellforged Servitor     Conj/Summ      0%         N/A       100%        7
 Summon Hydra             Summ           0%         N/A       100%        7
 Lehudib's Crystal Spear  Conj/Erth      0%         10d2      100%        8
 Sublimation of Blood     Necr           Unusable   N/A       N/A         2

Dungeon Overview and Level Annotations

Branches:
Dungeon (15/15)            Temple (0/1) D:7            Lair (5/5) D:9
 Shoals (4/4) Lair:2       Spider (4/4) Lair:3        Slime (0/5) Lair:5
    Orc (2/2) D:10            Elf (0/3) Orc:2        Vaults (0/5) D:14
 Depths (0/4) D:15         Bailey (visited)

Altars:
Ashenzari
Fedhas
Hepliaklqana
Kikubaaqudgha
Makhleb
Qazlal
Ru
Trog
Vehumet
Zin
The Shining One
Jiyva

Shops:
D:1 =   D:4 *   D:11 *   D:12 (   Orc:1 ![   Orc:2 *![:(   Shoals:2 ?

Annotations:
D:6 2 transporters, p0werm0de's ghost, weakling BaCK
D:9 exclusion: obsidian statue
D:14 Roxanne
Lair:5 3 runed translucent doors, Riymurr's ghost, journeyman MfMo
Orc:1 3 runed translucent doors, rpophessagr's ghost, journeyman HOMo


Innate Abilities, Weirdness & Mutations

You are immune to sickness and miasma.
Your stone body is resilient. (AC +14)
You are immune to poison.
Your large and strong wings let you fly.
You resist negative energy. (rN+)
You are resistant to electric shocks. (rElec)
You are resistant to unholy torment.
You are immune to petrification.


Message History

The alligator snapping turtle misses you.
You block the sphinx's attack. The sphinx hits you but does no damage.
The sphinx hits you.
You sock the sphinx!
The sphinx is lightly wounded.
The sphinx hits you but does no damage. x3; The sphinx hits you.
The sphinx hits you but does no damage. x2
The alligator snapping turtle completely misses you.
You thump the alligator snapping turtle!
The alligator snapping turtle is moderately wounded.
The sphinx hits you! The sphinx hits you but does no damage.
You block the sphinx's attack. The sphinx misses you. x2
You block the sphinx's attack.
The alligator snapping turtle bites you but does no damage.
The sphinx hits you. The sphinx barely misses you.
The sphinx hits you but does no damage.
As you read the scroll of teleportation, it crumbles to dust.
You feel strangely unstable. The sphinx completely misses you.
You block the sphinx's attack. The sphinx hits you but does no damage.
The sphinx casts a spell.
You suddenly lose the ability to move!
The sphinx casts a spell.
Something smites you!
The alligator snapping turtle bites you!
* * * LOW HITPOINT WARNING * * *
The sphinx casts a spell.
Something smites you!
* * * LOW HITPOINT WARNING * * *
The sphinx hits you but does no damage. x2; The sphinx hits you.
* * * LOW HITPOINT WARNING * * *
The alligator snapping turtle bites you but does no damage.
The sphinx hits you but does no damage. x3
The sphinx hits you but does no damage. x2; The sphinx hits you.
* * * LOW HITPOINT WARNING * * *
The sphinx mumbles some strange words.
Something smites you!
* * * LOW HITPOINT WARNING * * *
The sphinx hits you but does no damage. x3
The alligator snapping turtle bites you!
You die...

###########################
≈≈≈≈≈≈≈≈≈≈≈≈≈≈≈≈≈≈≈≈≈≈≈≈≈##
≈≈≈≈≈≈≈≈≈≈≈≈≈≈≈≈≈≈≈≈≈≈≈≈≈##
≈≈≈≈≈≈≈≈≈≈≈≈≈≈≈≈≈≈≈≈≈≈≈≈≈##
≈≈≈≈≈≈≈≈≈≈≈≈≈≈≈≈≈≈≈≈≈≈≈≈≈##
≈≈≈≈≈≈≈≈≈≈≈≈≈≈≈≈≈≈≈≈≈≈≈≈≈##
##≈≈≈≈≈≈≈≈≈≈≈≈≈≈≈≈≈≈≈≈≈≈≈##
φ?#≈≈≈≈≈≈≈tH≈≈≈≈≈≈≈≈≈≈≈≈≈##
.Hc#≈≈≈≈≈≈H@≈≈≈≈≈≈≈≈≈≈≈≈≈##
.. #≈≈≈≈≈≈≈≈≈≈≈≈≈≈≈≈≈≈≈≈≈##
. ##≈≈≈≈≈≈≈≈≈≈≈≈≈≈≈≈≈≈≈≈##
#≈≈≈≈≈≈≈≈≈≈≈≈≈≈≈≈≈≈≈≈##
####.#..≈≈≈≈≈≈≈≈≈≈≈≈≈##
......~##≈≈≈≈≈≈≈≈≈≈≈≈## .
....~..##≈≈≈≈≈≈≈≈≈≈≈## . ..
#..#.#...##≈≈≈≈≈≈≈≈≈≈## ~#
.. #.# #......≈≈≈≈≈≈≈≈≈≈##


You could see an alligator snapping turtle and 2 sphinxes.

Vanquished Creatures
  2 bone dragons (Abyss:2)
  The ghost of Aral the Warrior, an adept MiBe of Trog (Shoals:1)
  A tentacled monstrosity (Abyss:2)
  Kirke (Shoals:1)
  2 krakens (Shoals:1)
  A tentacled starspawn (Abyss:2)
  Aizul (Shoals:1)
  Donald (Spider:2)
  A ghost moth (Spider:4)
  6 emperor scorpions
  2 orc warlords (Orc:2)
  A broodmother (Spider:3)
  Louise (Shoals:1)
  A deep elf demonologist (Shoals:1)
  2 minotaurs (Shoals:4)
  Azrael (D:13)
  2 spark wasps (Spider:4)
  Snorg (Orc:2)
  7 merfolk impalers
  A merfolk javelineer (Shoals:3)
  2 entropy weavers
  2 ogre magi (D:15)
  A vault guard (D:14)
  2 rakshasas (D:15)
  Harold (D:10)
  2 hydras
  3 jorogumos
  Erica (D:8)
  7 centaur warriors
  3 merfolk avatars (Shoals:4)
  5 radroaches
  2 alligator snapping turtles (Shoals:4)
  A merfolk aquamancer (Shoals:2)
  12 satyrs
  9 two-headed ogres
  4 tengu warriors
  11 demonic crawlers
  Urug (D:12)
  7 death scarabs (Spider:4)
  7 death yaks
  A spectral emperor scorpion (Spider:4)
  A thrashing horror (Abyss:2)
  2 orc high priests (Orc:2)
  An occultist (D:15)
  3 deep elf knights (Shoals:1)
  11 sea snakes
  9 pharaoh ants
  8 skysharks
  A large abomination (Abyss:2)
  3 sun moths
  5 orb spiders
  5 starcursed masses (Abyss:2)
  A spectral wolf spider (Spider:4)
  4 lindwurms
  8 steelbarb worms
  7 harpies
  A necromancer (D:15)
  Pikel (D:8)
  An orc knight (Bailey)
  A deep elf pyromancer (Shoals:1)
  A deep elf zephyrmancer (Shoals:1)
  2 wolf spider zombies (Spider:4)
  12 manticores
  Maurice (D:8)
  3 orc sorcerers
  22 fauns
  11 wolf spiders
  5 cyclopes
  7 ugly things
  A worldbinder (Abyss:2)
  6 meliai
  2 moths of wrath
  6 elephants
  2 kobold blastminers (Orc:2)
  A rust devil (Abyss:2)
  6 black mambas
  9 merfolk sirens
  A black mamba (shapeshifter) (D:15)
  3 centaur skeletons (D:15)
  4 water nymphs
  6 torpor snails
  11 cane toads
  5 gargoyles
  An efreet (D:15)
  Maggie (D:7)
  2 redback zombies (Spider:4)
  8 rime drakes
  10 komodo dragons
  4 kobold demonologists
  2 tengu conjurers
  Jeremiah (D:8)
  A freezing wraith (D:14)
  2 spectral redbacks (Spider:4)
  Psyche (D:8)
  8 wind drakes
  9 trolls
  21 merfolk
  23 tarantellas
  4 polar bears
  2 spectral culicivoras (Spider:4)
  2 hornets
  3 spectral tarantellas (Spider:4)
  A spectral jumping spider (Spider:4)
  2 jumping spider zombies (Spider:4)
  8 snapping turtles
  Prince Ribbit (D:5)
  7 raiju (Abyss:2)
  13 blink frogs
  A tarantella zombie (Spider:4)
  Sigmund (D:4)
  26 dream sheep
  15 slime creatures
  14 jumping spiders
  A centaur simulacrum (D:10)
  A yak (shapeshifter) (D:14)
  A ynoxinul (Abyss:2)
  13 culicivoras
  4 shadows
  5 water elementals
  A vampire (D:13)
  37 yaks
  A shapeshifter (D:14)
  A fire elemental (D:13)
  11 wyverns
  3 wraiths
  8 basilisks
  3 wargs
  2 hogs (Shoals:1)
  4 golden eyes (Abyss:2)
  32 redbacks
  Edmund (D:5)
  3 acid dragons
  10 water moccasins
  3 hell hounds
  6 laughing skulls (Abyss:2)
  A meliai simulacrum (D:14)
  3 black bears
  2 sky beasts
  An ice beast (D:10)
  42 orc warriors
  12 ogres
  13 wolves
  10 centaurs
  A lemure (D:8)
  A phantom (D:7)
  4 kobold brigands
  12 bullfrogs
  A gnoll sergeant (D:10)
  3 scorpions
  14 wights
  18 killer bees
  11 electric eels
  2 bombardier beetles
  6 howler monkeys
  An iron imp (Abyss:2)
  28 orc priests
  A jelly (D:4)
  5 hounds
  Ijyb (D:3)
  7 hell rats
  8 iguanas
  2 sleepcaps
  21 orc wizards
  8 gnolls
  4 adders
  A shadow imp (D:8)
  2 white imps
  3 ufetubi (D:10)
  A dart slug (D:2)
  2 ribbon worms (D:2)
  72 orcs
  9 ball pythons
  8 bats
  10 endoplasms
  7 giant cockroaches
  12 goblins
  15 hobgoblins
  4 jackals (D:1)
  5 quokkas
  4 frilled lizards
  A goblin skeleton (D:4)
  A goblin zombie (D:4)
  3 hobgoblin zombies (D:4)
  9 kobolds
  A kobold skeleton (D:4)
  2 kobold zombies (D:4)
  An orc skeleton (D:4)
  An orc zombie (D:4)
  2 rats (D:1)
  A starspawn tentacle (Abyss:2)
  6 tentacles (Shoals:1)
1091 creatures vanquished.

Vanquished Creatures (collateral kills)
  Arachne (Spider:2)
  Rupert (D:11)
  Frances (D:12)
  Agnes (D:15)
  A merfolk impaler (Shoals:4)
  A two-headed ogre (D:12)
  A steelbarb worm (Spider:2)
  A slime creature (D:12)
  2 merfolk (Shoals:4)
  2 trolls (D:12)
  A wraith (D:12)
  3 vampire mosquitoes (D:12)
16 creatures vanquished.

Vanquished Creatures (others)
  A jumping spider (Spider:4)
  A human (Shoals:1)
  A redback (Spider:1)
  3 hell hounds (D:13)
  A small abomination (Abyss:2)
  An orc wizard (Orc:2)
  3 starspawn tentacles (Abyss:2)
  24 tentacles (Shoals:1)
35 creatures vanquished.

Grand Total: 1142 creatures vanquished

Notes
Turn   | Place    | Note
-------+----------+-------------------------------------------
     0 | D:1      | inmateoo the Gargoyle Fighter began the quest for the Orb.
     0 | D:1      | Reached XP level 1. HP: 14/14 MP: 1/1
   142 | D:1      | Found Fiesy's Jewellery Emporium.
   258 | D:1      | Reached XP level 2. HP: 19/19 MP: 2/2
   289 | D:1      | Found a faded altar of an unknown god.
   331 | D:1      | Got the Compendium of Degeneration
   533 | D:1      | Reached XP level 3. HP: 23/23 MP: 3/3
  1120 | D:2      | Got the Excursus on the Charged Tundra
  1369 | D:2      | Reached skill level 3 in Maces & Flails
  1369 | D:2      | Reached XP level 4. HP: 28/28 MP: 4/4
  1716 | D:3      | Found a stormy altar of Qazlal.
  1746 | D:3      | Noticed Ijyb
  1765 | D:3      | Killed Ijyb
  1766 | D:3      | Reached skill level 1 in Dodging
  2044 | D:3      | Found a bloodstained altar of Trog.
  2387 | D:4      | Noticed a black bear
  2396 | D:4      | Killed a black bear
  2397 | D:4      | Reached XP level 5. HP: 27/33 MP: 5/5
  2513 | D:4      | Reached XP level 6. HP: 38/38 MP: 6/6
  2534 | D:4      | Found a glowing golden altar of the Shining One.
  2541 | D:4      | Reached skill level 4 in Maces & Flails
  2543 | D:4      | Became a worshipper of the Shining One
  2635 | D:4      | Found Ocwoqu's Assorted Antiques.
  2641 | D:4      | Bought an orange potion for 22 gold pieces
  2641 | D:4      | Bought a coppery potion for 22 gold pieces
  2813 | D:4      | Found a hazy altar of Hepliaklqana.
  2816 | D:4      | Found a radiant altar of Vehumet.
  2819 | D:4      | Found a burning altar of Makhleb.
  2833 | D:4      | Found an ancient bone altar of Kikubaaqudgha.
  2864 | D:4      | Noticed Sigmund
  2940 | D:4      | Killed Sigmund
  2941 | D:4      | Reached XP level 7. HP: 30/44 MP: 7/7
  3289 | D:4      | Found a sacrificial altar of Ru.
  3539 | D:5      | Entered Level 5 of the Dungeon
  3647 | D:5      | Reached skill level 5 in Maces & Flails
  3714 | D:5      | Reached skill level 1 in Invocations
  3780 | D:5      | Noticed Prince Ribbit
  3792 | D:5      | Killed Prince Ribbit
  3793 | D:5      | Reached skill level 5 in Fighting
  3793 | D:5      | Reached skill level 5 in Armour
  3793 | D:5      | Reached skill level 5 in Shields
  3793 | D:5      | Reached XP level 8. HP: 33/49 MP: 7/9
  4111 | D:5      | Noticed Edmund
  4133 | D:5      | Killed Edmund
  4611 | D:5      | Reached skill level 6 in Maces & Flails
  4839 | D:5      | Reached * piety under the Shining One
  4975 | D:6      | Reached XP level 9. HP: 53/55 MP: 11/11
  5243 | D:6      | Noticed a boulder beetle
  5243 | D:6      | Noticed p0werm0de's ghost (weakling BaCK)
  5246 | D:6      | Found a transporter.
  5256 | D:6      | Found a transporter.
  5783 | D:7      | Reached skill level 7 in Maces & Flails
  5783 | D:7      | Identified the ring "Faod" {rElec MP+9 AC+4 Dex-4 Slay+4}
  6134 | D:7      | Noticed Maggie
  6150 | D:7      | Killed Maggie
  6432 | D:7      | Found a staircase to the Ecumenical Temple.
  6712 | D:7      | Identified the +1 ring mail of Baldness {Rampage Str+2}
  6910 | D:8      | Noticed Jeremiah
  6958 | D:8      | Killed Jeremiah
  7079 | D:8      | Noticed Erica
  7089 | D:8      | Killed Erica
  7090 | D:8      | Reached skill level 8 in Maces & Flails
  7090 | D:8      | Reached XP level 10. HP: 48/63 MP: 13/13
  7155 | D:8      | Reached ** piety under the Shining One
  7215 | D:8      | Reached skill level 5 in Invocations
  7337 | D:8      | Noticed a gargoyle
  7346 | D:8      | Killed a gargoyle
  7620 | D:8      | Noticed Pikel
  7635 | D:8      | Killed Pikel
  7636 | D:8      | Reached skill level 9 in Maces & Flails
  7656 | D:8      | Found a broken altar of Ashenzari.
  7743 | D:8      | Noticed Maurice
  7752 | D:8      | Maurice stole a +4 flail of protection
  7756 | D:8      | Killed Maurice
  7757 | D:8      | Reached skill level 5 in Dodging
  7757 | D:8      | Reached XP level 11. HP: 62/68 MP: 15/15
  7949 | D:8      | Noticed Psyche
  7956 | D:8      | Killed Psyche
  8900 | D:9      | Found a staircase to the Lair.
  9350 | D:9      | Noticed an obsidian statue
  9605 | D:10     | Entered Level 10 of the Dungeon
  9606 | D:10     | Noticed Harold
  9617 | D:10     | Found Zin's Purification Station.
  9622 | D:10     | Found a glowing silver altar of Zin.
  9625 | D:10     | Bought a potion of curing for 90 gold pieces
  9672 | D:10     | Reached *** piety under the Shining One
  9876 | D:10     | Noticed a two-headed ogre
  9887 | D:10     | Killed a two-headed ogre
  9888 | D:10     | Reached skill level 10 in Maces & Flails
  9909 | D:10     | Found a staircase to the Orcish Mines.
  9942 | D:10     | Found a flagged portal.
  9967 | Bailey   | Entered a bailey
 10463 | Bailey   | Acquired a manual of Throwing
 10698 | Bailey   | Found an iron altar of Okawaru.
 10699 | Bailey   | Noticed an orc knight
 10735 | Bailey   | Reached skill level 1 in Throwing
 10735 | Bailey   | Killed an orc knight
 10750 | Bailey   | Reached **** piety under the Shining One
 10840 | Bailey   | Identified the +0 ring mail of Iniqe {Will+}
 10841 | Bailey   | Identified the +0 ring mail "Epineez" {rPois}
 11000 | D:10     | Noticed a cyclops
 11009 | D:10     | Killed a cyclops
 11010 | D:10     | Reached XP level 12. HP: 48/75 MP: 17/17
 11044 | D:10     | The Shining One protects you from harm!
 11275 | D:10     | Killed Harold
 11700 | D:10     | Found a blossoming altar of Fedhas.
 12280 | D:11     | Found Seydiemu's Assorted Antiques.
 12283 | D:11     | Bought a scroll labelled TANKIW RUIXKU for 28 gold pieces
 12283 | D:11     | Bought a scroll of identify for 56 gold pieces
 12283 | D:11     | Bought a scroll labelled TANKIW RUIXKU for 28 gold pieces
 12541 | D:12     | Reached skill level 11 in Maces & Flails
 12720 | D:12     | Noticed Frances
 12721 | D:12     | Found Zuta's Antique Weapon Emporium.
 12852 | D:12     | Noticed Rupert
 13034 | Lair:1   | Entered Level 1 of the Lair of Beasts
 14425 | Lair:2   | Reached skill level 5 in Throwing
 14427 | Lair:2   | HP: 2/76 [yak[a torpor snail] (4)]
 14709 | Lair:2   | Reached XP level 13. HP: 72/81 MP: 19/19
 15201 | Lair:2   | Reached ***** piety under the Shining One
 15215 | Lair:2   | Reached skill level 12 in Maces & Flails
 15215 | Lair:2   | Reached skill level 10 in Armour
 15255 | Lair:2   | Found a staircase to the Shoals.
 15494 | Lair:3   | Reached skill level 10 in Fighting
 15553 | Lair:3   | Found a hole to the Spider Nest.
 16375 | Lair:3   | Reached skill level 10 in Shields
 16985 | Lair:4   | Gained mutation: Your large and strong wings let you fly.
                  | [Gargoyle growth]
 16985 | Lair:4   | Reached XP level 14. HP: 63/88 MP: 20/20
 17354 | Lair:5   | Entered Level 5 of the Lair of Beasts
 17395 | Lair:5   | Found a runed translucent gate.
 17395 | Lair:5   | Found a runed translucent gate.
 17395 | Lair:5   | Found a runed translucent gate.
 17395 | Lair:5   | Noticed an azure jelly
 17395 | Lair:5   | Noticed an acid blob
 17395 | Lair:5   | Noticed a quicksilver ooze
 17395 | Lair:5   | Noticed an acid blob
 17395 | Lair:5   | Noticed an acid blob
 17396 | Lair:5   | Noticed an azure jelly
 17396 | Lair:5   | Noticed an acid blob
 17396 | Lair:5   | Noticed a quicksilver ooze
 17397 | Lair:5   | Noticed an acid blob
 17397 | Lair:5   | Noticed an acid blob
 17397 | Lair:5   | Noticed Riymurr's ghost (journeyman MfMo)
 17397 | Lair:5   | Noticed an acid blob
 17397 | Lair:5   | Noticed an azure jelly
 17398 | Lair:5   | Noticed an azure jelly
 17398 | Lair:5   | Noticed an acid blob
 17400 | Lair:5   | Found a viscous altar of Jiyva.
 17516 | Lair:4   | Reached skill level 13 in Maces & Flails
 18553 | Lair:5   | Found a staircase to the Slime Pits.
 18896 | Lair:5   | Identified the +2 robe of the Many Stars {Rampage Str+2
                  | Dex-3}
 19003 | Lair:5   | Reached ****** piety under the Shining One
 19492 | D:11     | Killed Rupert
 19722 | D:12     | Killed Frances
 19767 | D:12     | Reached skill level 10 in Invocations
 20003 | D:13     | Noticed Urug
 20046 | D:12     | Killed Urug
 20211 | D:13     | Reached XP level 15. HP: 78/95 MP: 22/22
 20484 | D:13     | Found a bloodstained altar of Trog.
 20674 | D:13     | Noticed Azrael
 20676 | D:13     | Identified a +4 eveningstar of holy wrath (a +2 eveningstar
                  | of distortion blessed by the Shining One)
 20676 | D:13     | Received a gift from the Shining One
 20687 | D:13     | Killed Azrael
 20688 | D:13     | Reached skill level 14 in Maces & Flails
 21569 | D:14     | Noticed Roxanne
 21736 | D:14     | Found a blossoming altar of Fedhas.
 21855 | D:14     | Found a gate to the Vaults.
 22058 | D:15     | Entered Level 15 of the Dungeon
 22264 | D:15     | Noticed Agnes
 22283 | D:15     | Killed Agnes
 22653 | D:15     | Identified the +6 quarterstaff of Wealth {elec, *Noise rC+
                  | Dex+5}
 22715 | D:15     | Reached skill level 10 in Throwing
 22962 | D:15     | Found an ancient bone altar of Kikubaaqudgha.
 23127 | D:15     | Found a staircase to the Depths.
 23451 | Orc:1    | Entered Level 1 of the Orcish Mines
 23459 | Orc:1    | Found Nuomp's Armour Emporium.
 23467 | Orc:1    | Bought the +3 buckler of Fuzzy Liberty {rF+ Stlth+} for 508
                  | gold pieces
 23496 | Orc:1    | Found Johouna's Distillery.
 23501 | Orc:1    | Found a runed translucent gate.
 23502 | Orc:1    | Found a runed translucent gate.
 23503 | Orc:1    | Found a runed translucent gate.
 23505 | Orc:1    | Bought a potion of curing for 45 gold pieces
 23505 | Orc:1    | Bought a potion of curing for 45 gold pieces
 23505 | Orc:1    | Bought a potion of mutation for 120 gold pieces
 23505 | Orc:1    | Bought a potion of might for 60 gold pieces
 23506 | Orc:1    | Noticed rpophessagr's ghost (journeyman HOMo)
 23508 | Orc:1    | Identified the +8 plate armour of the Ecumenical Temple
                  | {rPois rF+ rC+ Dex-5}
 23717 | Orc:1    | Identified the ring "Luerph" {Ice ^Contam Fly Will- Int+9}
 23749 | Orc:2    | Entered Level 2 of the Orcish Mines
 23812 | Orc:2    | Noticed Snorg
 23822 | Orc:2    | Killed Snorg
 24017 | Orc:2    | Found a staircase to the Elven Halls.
 24122 | Orc:2    | Found Boenisiom's Self-Improvement Boutique.
 24432 | Orc:2    | Noticed an orc warlord
 24456 | Orc:2    | Killed an orc warlord
 24457 | Orc:2    | Reached XP level 16. HP: 95/101 MP: 24/24
 24559 | Orc:1    | Bought the +10 chain mail of the Sky {rF+} for 959 gold
                  | pieces
 24616 | Orc:2    | Found Ynucyck's Distillery.
 24720 | Orc:2    | Found Elibale's General Store.
 24950 | Orc:2    | Reached skill level 15 in Maces & Flails
 25005 | Orc:2    | Found Loyrghoi's Antique Armour Shoppe.
 25006 | Orc:2    | Found Pobb's Antique Weapon Emporium.
 25339 | Spider:1 | Entered Level 1 of the Spider Nest
 25805 | Spider:1 | HP: 4/103 [disintegration (14)]
 25805 | Spider:1 | The Shining One protects you from harm!
 26519 | Spider:2 | Acquired 931 gold pieces
 26596 | Spider:2 | Noticed Donald
 26613 | Spider:2 | Killed Donald
 26941 | Spider:2 | Noticed Arachne
 26953 | Spider:2 | Killed Arachne
 28059 | Spider:3 | Reached XP level 17. HP: 64/108 MP: 25/25
 28636 | Spider:3 | Reached skill level 16 in Maces & Flails
 28957 | Spider:4 | Entered Level 4 of the Spider Nest
 30854 | Shoals:1 | Entered Level 1 of the Shoals
 30867 | Shoals:1 | Noticed a kraken
 30895 | Shoals:1 | Killed a kraken
 31072 | Shoals:1 | Identified the serpent talisman of Bounaqeo {Int+4 Dex+3}
 31072 | Shoals:1 | Noticed Aizul
 31085 | Shoals:1 | Killed Aizul
 31154 | Shoals:1 | Noticed a kraken
 31212 | Shoals:1 | Killed a kraken
 31871 | Shoals:1 | Reached skill level 10 in Dodging
 31997 | Shoals:1 | Reached XP level 18. HP: 116/116 MP: 27/27
 32129 | Shoals:1 | Found a runed translucent door.
 32132 | Shoals:1 | Identified the +6 sling of Abbont {speed, Will+ Dex+3}
 32176 | Shoals:1 | Noticed Louise
 32194 | Shoals:1 | Noticed Kirke
 32491 | Abyss:2  | Cast into level 2 of the Abyss (Louise)
 32508 | Abyss:2  | Found a basalt altar of Yredelemnul.
 32749 | Abyss:2  | Noticed a tentacled monstrosity
 32756 | Abyss:2  | Killed a tentacled monstrosity
 32770 | Abyss:2  | Noticed a bone dragon
 32780 | Abyss:2  | Killed a bone dragon
 32781 | Abyss:2  | Reached skill level 17 in Maces & Flails
 32901 | Abyss:2  | Noticed a bone dragon
 32929 | Abyss:2  | Killed a bone dragon
 32962 | Shoals:1 | Escaped the Abyss
 32974 | Shoals:1 | Killed Kirke
 32983 | Shoals:1 | Killed Louise
 33192 | Shoals:1 | Noticed Aral's ghost (adept MiBe)
 33282 | Shoals:1 | Killed Aral's ghost
 34260 | Shoals:2 | Found Ikaqur's Magic Scroll Shop.
 34273 | Shoals:2 | Bought a scroll of teleportation for 30 gold pieces
 34273 | Shoals:2 | Bought a scroll of teleportation for 30 gold pieces
 34273 | Shoals:2 | Bought a scroll of enchant armour for 75 gold pieces
 34273 | Shoals:2 | Bought a scroll of blinking for 75 gold pieces
 34273 | Shoals:2 | Bought a scroll of revelation for 75 gold pieces
 34273 | Shoals:2 | Bought a scroll of summoning for 95 gold pieces
 35711 | Shoals:4 | Entered Level 4 of the Shoals
 36079 | Shoals:4 | Reached XP level 19. HP: 82/122 MP: 25/28
 36436 | Shoals:4 | Identified the staff "Pendulum" {rN+ rCorr Str+3 Earth}
 37135 | Shoals:4 | Paralysed by a sphinx for 2 turns
 37151 | Shoals:4 | Paralysed by a sphinx for 5 turns
 37154 | Shoals:4 | Slain by an alligator snapping turtle

Illustrated notes

Levels and vault maps discovered:
D:1:      reono_arrival_mine, layout_loops_corners, serial_shops, shop,
          hellmonk_ecumenical_altar_dog_temple, chequers_mini_garden,
          minmay_worlds_worst_comb
D:2:      layout_basic, nicolae_figureground_sparkle
D:3:      layout_loops_cross, grunt_qazlal_clouds, mainiacjoe_overflow_24_doors,
          uniq_ijyb
D:4:      layout_loops_ring, nicolae_tso_besieged_by_evil,
          nicolae_ru_sacrificial_ziggurat, grunt_temple_overflow_cloverleaf,
          serial_shops, nicolae_shop_crystal, nrook_loot_triangle, uniq_sigmund
D:5:      layout_cave_pods, palyth_stone_intersect, uniq_prince_ribbit1,
          uniq_edmund
D:6:      layout_basic, gammafunk_ghost_arena
D:7:      layout_layer_cave, minmay_temple_entry_gardened_gates,
          minmay_small_thing, uniq_maggie
D:8:      layout_basic, evilmike_ruin_ashenzari, serial_aquarium,
          aquarium_bridge_long_joined [aquarium_subvault_wall,
          aquarium_subvault_bridge, aquarium_subvault_window,
          aquarium_subvault_wall, aquarium_subvault_window,
          aquarium_subvault_bridge], aquarium_window_1,
          aquarium_window_corridor_2, aquarium_window_1, aquarium_window_2,
          aquarium_view_2d, aquarium_view_2c, aquarium_balcony_3b,
          aquarium_pool_1, uniq_jeremiah, uniq_erica, uniq_pikel, uniq_psyche,
          uniq_maurice
D:9:      layout_cave_pods, dpeg_oklobed_lair, serial_co_window_serial,
          co_window_paths_a, co_window_corner_a, co_window_of_opportunity_a,
          co_window_corner_a, co_window_paths_a, co_window_paths_a,
          co_window_paths_a, co_window_corner_a, co_window_corner_a,
          co_window_broadway_a, co_window_paths_c, co_window_cross_4,
          co_window_cross_4, co_window_4corner_b, glass_columns_a,
          glass_columns_b, minmay_statue_bubble
D:10:     layout_irregular_city, zin_purify, lemuel_coloured_pillars_altar,
          david_orc_3, enter_bailey_6, serial_ice, serial_ice_m, serial_ice_e,
          serial_ice_k, serial_ice_f, serial_ice_n, serial_ice_c, uniq_harold
D:11:     layout_basic, serial_shops, nicolae_shop_behind_doors
D:12:     layout_gridville, serial_shops, shop, wad_rectangle_vault,
          uniq_rupert, uniq_frances
D:13:     layout_irregular_city, trog_butcher_becter, uniq_azrael, uniq_urug
D:14:     layout_cave_pools, david_vaults_5, hangedman_decor_diamond_cutter,
          fedhas_altar_4, uniq_roxanne
D:15:     grunt_enter_depths_magical_seal, layout_stronghold, minivault_27,
          kiku_gazebo_pond_becter, uniq_agnes
Lair:1:   hellmonk_ruined_rings, layout_cave_pods, serial_bayou_shore_a
Lair:2:   layout_regular_city, elwin_shoals_entry_rooms
Lair:3:   layout_gridlike, spider_nest_entry_a, special_room
          [special_room_mythical_zoo]
Lair:4:   layout_cave_shapes
Lair:5:   hangedman_lair_in_review, layout_cave_shapes, slime_entry_1,
          gammafunk_ghost_ooze, st_stairs_5
Shoals:1: nicolae_shoals_deep_elves_summer_vacation, layout_shoals,
          ebering_ghost_reflecting_pool, uniq_aizul, uniq_louise, uniq_kirke
Shoals:2: layout_shoals, serial_shops, nicolae_shop_tiny_statue_garden
Shoals:3: layout_shoals
Shoals:4: shoals_end_hellmonk_lost_city
Spider:1: layout_spider_delve
Spider:2: layout_spider_delve, uniq_donald, uniq_arachne
Spider:3: layout_spider_delve
Spider:4: floodkiller_spider_rune_tomb
Orc:1:    layout_diamond_mine, biasface_ghost_orc_armoury, serial_shops,
          nicolae_shop_tiny_glass, shop, shop, david_defended_altar_orc
Orc:2:    grunt_orc_community_town_hall, layout_caves,
          grunt_orc_community_big_house_1, grunt_orc_community_big_house_1,
          grunt_orc_community_house_3, grunt_orc_community_house_3,
          grunt_orc_community_house_3, grunt_orc_community_house_2,
          hangedman_feature_mirror, nicolae_shop_self_help, uniq_snorg

Skill      XL: |  1  2  3  4  5  6  7  8  9 10 11 12 13 14 15 16 17 18 19 |
---------------+----------------------------------------------------------+-----
Maces & Flails | 3 4 5 6 8 9 10 11 12 13 14 15 16 17 | 17.9
Dodging        | 1 2 3 4 5 6 7 8 9 10 | 10.7
Fighting       | 4 5 7 8 9 10 11 12 13 14 | 14.6
Armour         | 4 5 7 8 9 10 11 12 13 14 | 14.6
Shields        | 4 5 6 7 8 9 10 11 12 13 14 | 14.1
Invocations    | 1 3 4 5 7 8 9 10 11 12 13 | 13.4
Throwing       | 2 5 7 9 10 11 12 | 12.7

Action                     |  1- 3 |  4- 6 |  7- 9 | 10-12 | 13-15 | 16-18 | 19-21 || total
---------------------------+-------+-------+-------+-------+-------+-------+-------++-------
  Melee: Flail             |   123 |   138 |   228 |   731 |   800 |       |       ||  2020
         Whip              |       |       |       |     9 |       |       |       ||     9
         Eveningstar       |       |       |       |       |   335 |  1432 |   159 ||  1926
  Throw: Boomerang         |       |       |       |       |     7 |       |       ||     7
         Dart              |       |       |       |       |     1 |     6 |       ||     7
 Invoke: Summon Divine War |       |       |       |       |     3 |     2 |       ||     5
         Cleansing Flame   |       |       |       |       |     2 |    10 |       ||    12
         Brand Weapon With |       |       |       |       |     1 |       |       ||     1
  Evoke: Wand              |       |     2 |     8 |    12 |    14 |       |       ||    36
         Box of beasts     |       |       |       |       |     2 |       |       ||     2
    Use: Scroll            |       |     6 |     4 |    13 |     9 |    11 |     4 ||    47
         Potion            |       |       |     2 |     1 |     1 |     3 |     1 ||     8
 Armour: Scale mail        |    88 |     2 |       |       |   368 |       |       ||   458
         Chain mail        |       |   113 |   139 |   257 |   525 |  1466 |   187 ||  2687
         Plate armour      |       |       |    24 |   401 |       |       |       ||   425
  Dodge: Dodged            |    62 |    77 |    88 |   281 |   448 |   735 |    79 ||  1770
  Block: Buckler           |    27 |    36 |    60 |   158 |   237 |   694 |    80 ||  1292
         Kite shield       |       |       |       |       |   121 |       |       ||   121
